 Dungeon Sprint DCSS version 0.30-a0-465-g8901f6c8b5 (webtiles) character file.

Game seed: 7511377653894822578

7500000 NinjaNoafa the Axe Maniac (level 27, -7/199 HPs)
             Began as a Tengu Monk on Dec 19, 2022.
             Was the Champion of Makhleb.
             Mangled by a meat berserker
             ... wielding a +9 battleaxe
              (64 damage)
             ... in the Dungeon (Sprint VIII: "Arena of Blood").
             The game lasted 00:02:35 (75 turns).

NinjaNoafa the Axe Maniac (Tengu Monk)                Turns: 75, Time: 00:02:35

Health: -7/199     AC:  4    Str: 12    XL:     27
Magic:  24/49      EV: 51    Int: 12    God:    Makhleb [******]
Gold:   0          SH:  0    Dex: 29    Spells: 68/68 levels left

rFire   . . .      SeeInvis .    j - +∞ Axe of Woe
rCold   . . .      Faith    .    (shield currently unavailable)
rNeg    . . .      Spirit   .    b - +0 robe
rPois   .          Reflect  .    (helmet restricted)
rElec   .          Harm     .    (no cloak)
rCorr   .          Rampage  .    (no gloves)
Will    ++...      NoTele   +    (boots unavailable)
Stlth   ++++++++++               (no amulet)
HPRegen 0.53/turn                (no ring)
MPRegen 0.31/turn                (no ring)

@: on berserk cooldown, flying quickly and evasively, slowed, very slow
A: beak, talons 3, nimble flight
a: Renounce Religion, Minor Destruction, Lesser Servant of Makhleb, Major
Destruction, Greater Servant of Makhleb


You were in the Dungeon.
You worshipped Makhleb.
Makhleb was exalted by your worship.
You visited 1 branch

Inventory:

Hand Weapons
 j - the +∞ Axe of Woe (weapon)
   (You found it in the Dungeon)
Armour
 b - a +0 robe (worn)
Potions
 c - a potion of ambrosia
 d - a potion of curing
 f - a potion of haste
 g - 2 potions of magic


   Skills:
 O Level 27 Fighting
 + Level 24.7(27) Short Blades
 + Level 22.6(26.9) Long Blades
 O Level 27 Axes
 + Level 22.6(27) Maces & Flails
 + Level 22.6(27) Polearms
 + Level 22.6(27) Staves
 + Level 22.6 Ranged Weapons
 + Level 22.9 Throwing
 O Level 27 Armour
 O Level 27 Dodging
 O Level 27 Stealth
 + Level 22.9 Shields
 O Level 27 Unarmed Combat
 + Level 21.3 Spellcasting
 O Level 27 Conjurations
 + Level 18.3 Hexes
 + Level 26.6 Summonings
 + Level 24.7 Necromancy
 + Level 19.7 Translocations
 + Level 19.7 Transmutations
 + Level 24.7 Fire Magic
 + Level 21.4 Ice Magic
 O Level 27 Air Magic
 + Level 18.3 Earth Magic
 + Level 23.1 Poison Magic
 O Level 27 Invocations
 + Level 23.1 Evocations


You had 68 spell levels left.
You didn't know any spells.
Your spell library was empty.

Dungeon Overview and Level Annotations

Branches:
Dungeon (1/1)

Altars:
Makhleb

Annotations:
D The Captor


Innate Abilities, Weirdness & Mutations

You have a beak for a mouth.
You have claws for feet.
Your magical nature lets you fly swiftly and evasively.


Message History

The accursed gestures at you while chanting.
Something smites you!
The meat berserker rages.
A tyrant comes into view.
You hear a shout! x2
The bag of meat is engulfed in blazing flames.
A bag of meat comes into view. It is wielding a +9 war axe.
The meat berserker is engulfed in blazing flames.
The meat berserker hits you with a +9 battleaxe!!!
* * * LOW HITPOINT WARNING * * *
The bag of meat is engulfed in blazing flames. x2
The accursed gestures at you while chanting.
Something smites you!
* * * LOW HITPOINT WARNING * * *
You hear a shout!
An eight-headed meat hydra comes into view.
You hear a shout!
Your Spellcasting skill increases to level 21!
Your Hexes skill increases to level 18!
Your Ice Magic skill increases to level 21!
Your Earth Magic skill increases to level 18!
Your Poison Magic skill increases to level 23!
Your Evocations skill increases to level 23!
You feel much better.
The eight-headed meat hydra appears out of thin air!
An eight-headed meat hydra comes into view.
You hear a shout! x4
The meat beast is engulfed in blazing flames.
The meat beast completely misses you. x2
A bag of meat comes into view. It is wielding a +9 war axe.
You hear a shout!
The destroyer points at you and mumbles some strange words.
The destroyer blinks!
You hear a shout!
The accursed gestures at you while chanting.
Something smites you!
* * * LOW HITPOINT WARNING * * *
The meat berserker is engulfed in blazing flames.
The meat berserker hits you with a +9 battleaxe!!!
You die...

.#... .......... .o
...o#.. .....#... ..#
.@oo...#...o #§.. ..#
....#..oM.o###... ..###
..z...ooo.o.....###.....
#....Doo#oo§W.Lo._......
#...oo#oo.....#○.)V.#
#§ooO2oo.D.#_☼<)_#
#.X.§#@oo.O..#§)O).#...
....o2zo#oo.M)))§_).....
.....MoO§....M°○###.....
....V...OV.###)..o...###
........oo.. #..O..o.#
........o....#o......#
....#....o..........O.
.D.#.#.#oo.........o...
.......MM.


You could see 4 accurseds, 2 meat beasts, a tyrant (wandering), 3 eight-headed
meat hydras, 2 destroyers, 2 sculptors of flesh, 2 large bags of meat, a dread,
2 meat berserkers, The Captor and 34 bags of meat.

Vanquished Creatures
  2 hell beasts (D)
  3 royal mummies (D)
  8 vampire knights (D)
  27 ogres (D)
  4 two-headed ogres (D)
  A lich (D)
  34 orcs (D)
  8 skeletal warriors (D)
87 creatures vanquished.

Notes
Turn   | Place    | Note
-------+----------+-------------------------------------------
     0 | D        | Found the +∞ Axe of Woe
     0 | D        | NinjaNoafa the Tengu Monk began the quest for the Orb.
     0 | D        | Reached XP level 1. HP: 14/14 MP: 2/2
     4 | D        | Became a worshipper of Makhleb the Destroyer
     4 | D        | Reached * piety under Makhleb
     4 | D        | Reached ** piety under Makhleb
     6 | D        | Noticed a meat berserker
     8 | D        | Killed a meat berserker
     8 | D        | Noticed a bag of meat
     9 | D        | Reached skill level 15 in Fighting
     9 | D        | Reached XP level 2. HP: 35/35 MP: 3/3
     9 | D        | Reached XP level 3. HP: 40/40 MP: 4/4
     9 | D        | Reached XP level 4. HP: 45/45 MP: 5/5
     9 | D        | Gained mutation: Your magical nature lets you fly swiftly
                  | and evasively. [Tengu growth]
     9 | D        | Reached XP level 5. HP: 50/50 MP: 6/6
     9 | D        | Reached XP level 6. HP: 56/56 MP: 7/7
     9 | D        | Reached XP level 7. HP: 60/60 MP: 8/8
     9 | D        | Reached XP level 8. HP: 66/66 MP: 9/9
     9 | D        | Reached XP level 9. HP: 71/71 MP: 10/10
     9 | D        | Reached XP level 10. HP: 77/77 MP: 11/11
     9 | D        | Reached XP level 11. HP: 82/82 MP: 12/12
     9 | D        | Reached XP level 12. HP: 88/88 MP: 13/13
     9 | D        | Noticed a bag of meat
    11 | D        | Noticed a bag of meat
    11 | D        | Noticed a meat berserker
    13 | D        | Killed a bag of meat
    13 | D        | Noticed a bag of meat
    14 | D        | Reached skill level 5 in Armour
    14 | D        | Reached skill level 5 in Unarmed Combat
    15 | D        | Noticed a meat berserker
    15 | D        | Killed a bag of meat
    15 | D        | Noticed a meat berserker
    16 | D        | Reached XP level 13. HP: 95/95 MP: 13/18
    16 | D        | Noticed a meat berserker
    16 | D        | Killed a meat berserker
    16 | D        | Reached *** piety under Makhleb
    17 | D        | Reached XP level 14. HP: 100/100 MP: 13/19
    17 | D        | Noticed a bag of meat
    18 | D        | Killed a meat berserker
    19 | D        | Reached skill level 27 in Axes
    19 | D        | Noticed a meat berserker
    20 | D        | Killed a meat berserker
    20 | D        | Noticed a meat berserker
    21 | D        | Reached XP level 15. HP: 27/114 MP: 13/20
    21 | D        | Killed a meat berserker
    21 | D        | Reached **** piety under Makhleb
    21 | D        | Noticed a large bag of meat
    23 | D        | Noticed a large bag of meat
    24 | D        | Killed a meat berserker
    25 | D        | Reached skill level 27 in Dodging
    25 | D        | Reached XP level 16. HP: 78/131 MP: 14/21
    26 | D        | Killed a meat berserker
    27 | D        | Reached skill level 27 in Fighting
    27 | D        | Noticed a large bag of meat
    30 | D        | Killed a large bag of meat
    30 | D        | Reached ***** piety under Makhleb
    31 | D        | Reached XP level 17. HP: 85/139 MP: 15/32
    31 | D        | Noticed a sculptor of flesh
    31 | D        | Noticed a destroyer
    34 | D        | Noticed a sculptor of flesh
    34 | D        | Killed a sculptor of flesh
    35 | D        | Noticed a sculptor of flesh
    36 | D        | Noticed a sculptor of flesh
    37 | D        | Noticed a meat berserker
    38 | D        | Killed a destroyer
    39 | D        | Reached skill level 27 in Invocations
    39 | D        | Reached skill level 15 in Armour
    39 | D        | Reached skill level 15 in Unarmed Combat
    39 | D        | Reached XP level 18. HP: 145/145 MP: 17/36
    39 | D        | Noticed a sculptor of flesh
    39 | D        | Noticed a large bag of meat
    41 | D        | Killed a sculptor of flesh
    42 | D        | Killed a meat berserker
    42 | D        | Killed a sculptor of flesh
    42 | D        | Noticed a destroyer
    43 | D        | Killed a sculptor of flesh
    44 | D        | Killed a sculptor of flesh
    44 | D        | Reached ****** piety under Makhleb
    45 | D        | Reached XP level 19. HP: 151/151 MP: 18/37
    46 | D        | Noticed an accursed
    46 | D        | Killed a destroyer
    47 | D        | Reached skill level 27 in Armour
    47 | D        | Reached skill level 27 in Unarmed Combat
    47 | D        | Killed a large bag of meat
    48 | D        | Noticed a meat berserker
    48 | D        | Noticed a destroyer
    50 | D        | Noticed a destroyer
    50 | D        | Noticed a meat berserker
    50 | D        | Noticed a meat berserker
    50 | D        | Noticed a meat berserker
    50 | D        | Noticed a sculptor of flesh
    50 | D        | Noticed a sculptor of flesh
    50 | D        | Noticed a meat berserker
    50 | D        | Noticed a meat berserker
    51 | D        | Noticed an accursed
    52 | D        | Reached skill level 27 in Stealth
    52 | D        | Killed a meat berserker
    52 | D        | Killed a meat berserker
    52 | D        | Noticed a meat berserker
    53 | D        | Reached skill level 5 in Short Blades
    53 | D        | Reached skill level 5 in Summonings
    53 | D        | Reached skill level 5 in Necromancy
    53 | D        | Reached skill level 5 in Fire Magic
    53 | D        | Reached XP level 20. HP: 144/157 MP: 19/38
    53 | D        | Noticed a meat berserker
    53 | D        | Noticed a meat berserker
    53 | D        | Noticed a meat berserker
    53 | D        | Noticed an eight-headed meat hydra
    54 | D        | Killed an accursed
    54 | D        | Noticed an accursed
    55 | D        | Reached skill level 5 in Hexes
    55 | D        | Reached skill level 5 in Earth Magic
    55 | D        | Noticed a meat berserker
    55 | D        | Killed a meat berserker
    55 | D        | Noticed an accursed
    55 | D        | Noticed a large bag of meat
    56 | D        | Reached skill level 10 in Summonings
    56 | D        | Reached XP level 21. HP: 60/163 MP: 20/39
    56 | D        | Noticed a meat berserker
    56 | D        | Killed a meat berserker
    56 | D        | Killed a meat berserker
    56 | D        | Noticed a meat berserker
    57 | D        | Reached skill level 10 in Short Blades
    57 | D        | Reached skill level 10 in Necromancy
    57 | D        | Reached skill level 10 in Fire Magic
    57 | D        | Noticed a meat berserker
    57 | D        | Noticed an accursed
    57 | D        | Noticed an accursed
    57 | D        | Noticed a large bag of meat
    57 | D        | Noticed a meat berserker
    57 | D        | Noticed a meat berserker
    57 | D        | Noticed a destroyer
    57 | D        | Noticed a destroyer
    57 | D        | Noticed a destroyer
    57 | D        | Noticed a destroyer
    57 | D        | Noticed an accursed
    57 | D        | Noticed a tyrant
    58 | D        | Noticed a meat berserker
    59 | D        | Noticed a meat berserker
    59 | D        | Noticed a destroyer
    59 | D        | Killed a meat berserker
    59 | D        | Killed a meat berserker
    59 | D        | Noticed a meat beast
    59 | D        | Noticed a meat berserker
    60 | D        | Reached skill level 10 in Long Blades
    60 | D        | Reached skill level 10 in Maces & Flails
    60 | D        | Reached skill level 10 in Polearms
    60 | D        | Reached skill level 10 in Staves
    60 | D        | Reached skill level 10 in Ranged Weapons
    60 | D        | Reached skill level 10 in Spellcasting
    60 | D        | Reached skill level 10 in Ice Magic
    60 | D        | Noticed a destroyer
    60 | D        | Killed a meat berserker
    61 | D        | Reached XP level 22. HP: 169/169 MP: 21/40
    62 | D        | Killed a destroyer
    62 | D        | Killed a destroyer
    62 | D        | Noticed a large bag of meat
    63 | D        | Reached skill level 10 in Hexes
    63 | D        | Reached skill level 15 in Summonings
    63 | D        | Reached skill level 10 in Earth Magic
    63 | D        | Noticed a meat beast
    63 | D        | Killed a destroyer
    64 | D        | Reached skill level 15 in Short Blades
    64 | D        | Reached skill level 15 in Necromancy
    64 | D        | Reached skill level 15 in Fire Magic
    64 | D        | Reached XP level 23. HP: 175/175 MP: 21/41
    65 | D        | Reached skill level 15 in Throwing
    65 | D        | Reached skill level 15 in Shields
    65 | D        | Reached skill level 15 in Poison Magic
    65 | D        | Reached skill level 15 in Evocations
    65 | D        | Killed an accursed
    66 | D        | Reached skill level 15 in Spellcasting
    66 | D        | Reached skill level 15 in Ice Magic
    66 | D        | Reached XP level 24. HP: 181/181 MP: 22/43
    67 | D        | Killed a large bag of meat
    67 | D        | Noticed a meat beast
    68 | D        | Reached skill level 15 in Translocations
    68 | D        | Reached skill level 15 in Transmutations
    68 | D        | Killed a large bag of meat
    69 | D        | Killed an accursed
    69 | D        | Killed a meat beast
    70 | D        | Reached skill level 15 in Hexes
    70 | D        | Reached skill level 15 in Earth Magic
    70 | D        | Reached XP level 25. HP: 172/187 MP: 22/46
    70 | D        | Killed a destroyer
    71 | D        | Reached XP level 26. HP: 193/193 MP: 22/46
    71 | D        | Noticed a dread
    72 | D        | Killed a meat beast
    72 | D        | Killed a tyrant
    72 | D        | Killed a destroyer
    73 | D        | Reached skill level 27 in Conjurations
    73 | D        | Reached skill level 27 in Air Magic
    73 | D        | Reached XP level 27. HP: 59/199 MP: 23/48
    73 | D        | Noticed The Captor
    73 | D        | Noticed a meat beast
    74 | D        | Killed a destroyer
    74 | D        | Noticed a tyrant
    75 | D        | Mangled by a meat berserker

Illustrated notes

Levels and vault maps discovered:
D:        meatsprint

Skill      XL: |  1  2  3  4  5  6  7  8  9 10 11 12 13 14 15 16 17 18 19 20 21 22 23 24 25 26 27 |
---------------+----------------------------------------------------------------------------------+-----
Fighting       | 15 16 20 26 27 | 27.0
Axes           | 16 18 24 27 | 27.0
Dodging        | 16 18 22 27 | 27.0
Stealth        | 16 18 27 | 27.0
Armour         | 7 15 24 27 | 27.0
Unarmed Combat | 7 15 24 27 | 27.0
Invocations    | 6 20 27 | 27.0
Short Blades   | 5 9 12 15 17 21 23 24 | 24.7
Long Blades    | 4 8 11 13 16 19 21 22 | 22.6
Maces & Flails | 4 8 11 13 16 19 21 22 | 22.6
Polearms       | 4 8 11 13 16 19 21 22 | 22.6
Staves         | 4 8 11 13 16 19 21 22 | 22.6
Ranged Weapons | 4 8 11 13 16 19 21 22 | 22.6
Throwing       | 4 8 11 14 16 19 20 22 | 22.9
Shields        | 4 8 11 14 16 19 20 22 | 22.9
Spellcasting   | 4 7 10 13 15 18 20 21 | 21.3
Conjurations   | 6 11 14 18 20 24 25 27 | 27.0
Hexes          | 3 6 9 11 12 15 16 17 18 | 18.3
Summonings     | 5 10 13 16 19 23 25 26 | 26.6
Necromancy     | 5 9 12 15 17 21 23 24 | 24.7
Translocations | 3 7 9 12 14 16 17 19 | 19.7
Transmutations | 3 7 9 12 14 16 17 19 | 19.7
Fire Magic     | 5 9 12 15 17 21 23 24 | 24.7
Ice Magic      | 4 7 10 13 15 18 20 21 | 21.4
Air Magic      | 6 11 14 18 20 24 25 27 | 27.0
Earth Magic    | 3 6 9 11 12 15 16 17 18 | 18.3
Poison Magic   | 4 8 11 14 16 19 20 22 23 | 23.1
Evocations     | 4 8 11 14 16 19 20 22 23 | 23.1

Action                   |  1- 3 |  4- 6 |  7- 9 | 10-12 | 13-15 | 16-18 | 19-21 | 22-24 | 25-27 || total
-------------------------+-------+-------+-------+-------+-------+-------+-------+-------+-------++-------
Melee: Executioner's axe |     1 |       |       |     2 |     5 |    11 |    10 |     8 |     5 ||    42
Invok: Minor Destruction |       |       |       |     2 |       |       |       |       |       ||     2
       Major Destruction |       |       |       |       |     1 |     1 |       |       |       ||     2
       Lesser Servant of |       |       |       |       |     1 |       |     1 |       |       ||     2
       Greater Servant o |       |       |       |       |       |     1 |     1 |       |       ||     2
  Use: Potion            |       |       |       |       |       |       |     1 |       |     1 ||     2
       Scroll            |       |       |       |       |       |       |     1 |       |       ||     1
Dodge: Dodged            |       |       |       |       |       |       |       |       |     3 ||     3

Table legend: (Time is in decaauts)
 A = Elapsed time spent in this place.
 B = Non-inter-level travel time spent in this place.
 C = Inter-level travel time spent in this place.
 D = Time resting spent in this place.
 E = Time spent auto-exploring this place.
 F = Levels seen in this place.
 G = Mean time per level.
                   A        B        C        D        E       F      G
               +--------+--------+--------+--------+--------+-----+--------+
         Total |     61 |     61 |      0 |      0 |      0 |   1 |   61.0 |
       Dungeon |     61 |     61 |      0 |      0 |      0 |   1 |   61.0 |
               +--------+--------+--------+--------+--------+-----+--------+

Top non-repeatable levels by time:
       D: 61 daAuts
